 Dungeon Crawl Stone Soup version 0.28-a0-390-gb254ac4902 (webtiles) character file.

Game seed: 3321818052998939995

91 olmar the Grasshopper (level 4, 0/38 HPs)
             Began as a Gnoll Warper on Sept 3, 2021.
             Was a Follower of Fedhas.
             Killed by divine providence
             ... invoked by an orc priest
              (12 damage)
             ... on level 3 of the Dungeon.
             The game lasted 00:07:14 (2820 turns).

olmar the Grasshopper (Gnoll Warper)                Turns: 2820, Time: 00:07:14

Health: 0/38       AC:  4    Str: 11    XL:     4   Next: 59%
Magic:  11/11      EV: 12    Int: 13    God:    Fedhas [*.....]
Gold:   42         SH:  0    Dex: 11    Spells: 8/13 levels left

rFire   . . .      SeeInvis .   h - +0 whip (drain)
rCold   . . .      Faith    .   (no shield)
rNeg    . . .      Spirit   .   b - +0 leather armour
rPois   .          Reflect  .   (no helmet)
rElec   .          Harm     .   (no cloak)
rCorr   .          Rampage  .   i - +0 pair of gloves
Will    .....                   (no boots)
Stlth   +.........              (no amulet)
HPRegen 0.12/turn               (no ring)
MPRegen 0.12/turn               (no ring)

@: no status effects
A: fangs 1, strong nose, distributed training
a: Renounce Religion


You were on level 3 of the Dungeon.
You worshipped Fedhas.
Fedhas was aware of your devotion.
You visited 1 branch of the dungeon, and saw 3 of its levels.

You collected 82 gold pieces.
You spent 40 gold pieces at shops.

Inventory:

Hand Weapons
 a - a +0 mace
 h - a +0 whip of draining (weapon)
 m - a +0 morningstar
Armour
 b - a +0 leather armour (worn)
 i - a +0 pair of gloves (worn)
 n - a +2 scale mail of cold resistance
Jewellery
 l - a ring of positive energy
Scrolls
 c - a scroll of blinking
 e - a scroll of fear {unknown}
 f - a scroll of holy word {unknown}
 j - 2 scrolls of amnesia {unknown}
 k - a scroll of fog {unknown}
 q - a scroll of enchant armour {unknown}
Potions
 g - a potion of flight
 o - a potion of mutation {unknown}
 p - a potion of attraction {unknown}


   Skills:
 + Level 4.6 Fighting
 + Level 1.2 Short Blades
 + Level 1.2 Long Blades
 + Level 1.2 Axes
 + Level 4.6 Maces & Flails
 + Level 1.2 Polearms
 + Level 1.2 Staves
 + Level 1.2 Slings
 + Level 1.2 Bows
 + Level 1.2 Crossbows
 + Level 2.8 Throwing
 + Level 2.8 Armour
 + Level 4.6 Dodging
 + Level 1.2 Stealth
 + Level 1.2 Shields
 + Level 1.2 Unarmed Combat
 + Level 5.1 Spellcasting
 + Level 1.0 Conjurations
 + Level 1.0 Hexes
 + Level 1.0 Summonings
 + Level 1.0 Necromancy
 + Level 5.5 Translocations
 + Level 1.0 Transmutations
 + Level 1.0 Fire Magic
 + Level 1.0 Ice Magic
 + Level 1.0 Air Magic
 + Level 1.0 Earth Magic
 + Level 1.0 Poison Magic
 + Level 1.3 Invocations
 + Level 1.2 Evocations


You had 8 spell levels left.
You knew the following spells:

 Your Spells              Type           Power      Damage    Failure   Level
a - Blink                 Tloc           N/A        N/A       3%          2
b - Lesser Beckoning      Tloc           17%        N/A       8%          3

Your spell library contained the following spells:

 Spells                   Type           Power      Damage    Failure   Level
 Gell's Gravitas          Tloc           8%         N/A       8%          3
 Teleport Other           Tloc           17%        N/A       8%          3
 Animate Skeleton         Necr           10%        N/A       16%         1
 Pain                     Necr           20%        1d5       16%         1
 Vampiric Draining        Necr           2%         2d6       43%         3
 Manifold Assault         Tloc           17%        N/A       56%         5


Dungeon Overview and Level Annotations

Branches:
Dungeon (3/15)

Altars:
Fedhas

Shops:
D:1 *


Innate Abilities, Weirdness & Mutations

You have very sharp teeth.
Your uncanny sense of smell can sniff out nearby items.
Your experience applies equally to all skills.


Message History

The orc is almost dead.
Unknown command.
You hit the orc.
You kill the orc!
Fedhas appreciates your contribution to the ecosystem.
The orc priest mumbles some strange prayers to Beogh against you.
Pain shoots through your body!
Unknown command.
Unknown command.
You are too injured to fight recklessly!
You are too injured to fight recklessly!
You are too injured to fight recklessly!
Unknown command.
You aren't carrying any items that you can evoke.
Unknown command.
The orc priest hits you with a +0 hand axe.
You hit the orc priest.
The orc priest is moderately wounded.
The orc priest barely misses you.
You hit the orc priest.
The orc priest is heavily wounded.
The orc priest mumbles some strange prayers to Beogh against you.
Pain shoots through your body!
* * * LOW HITPOINT WARNING * * *
You barely miss the orc priest.
The orc priest is heavily wounded.
The orc priest casts a cantrip, but nothing happens.
You hit the orc priest but do no damage.
The orc priest is heavily wounded.
The orc priest hits you but does no damage.
Unknown command.
You feel better.
The orc priest hits you but does no damage.
Unknown command.
You hit the orc priest.
The orc priest is almost dead.
The orc priest invokes the aid of Beogh against you.
Beogh smites you!
You die...
Fedhas appreciates your contribution to the ecosystem.

#.#########......##
...............
###........####
#####........#
#............#
.............#
.............##
#........)<)..#
..........@...#
#.........o...#
#.............#
###.###.......#
#.###.#.#####
#.....#.# ..
########.#.#
#......)...#.#
#..>...ยง...o.#


You could see an orc priest.

Vanquished Creatures
  Terence (D:2)
  5 dart slugs
  4 orcs (D:3)
  4 endoplasms
  2 goblins
  7 hobgoblins
  11 jackals
  3 ball pythons
  5 bats
  4 frilled lizards
  2 kobolds (D:1)
  2 rats
50 creatures vanquished.

Notes
Turn   | Place    | Note
-------+----------+-------------------------------------------
     0 | D:1      | olmar the Gnoll Warper began the quest for the Orb.
     0 | D:1      | Reached XP level 1. HP: 20/20 MP: 6/6
   388 | D:1      | Found Wajil's Assorted Antiques.
   430 | D:1      | Reached XP level 2. HP: 24/25 MP: 7/7
   943 | D:1      | Reached XP level 3. HP: 30/31 MP: 9/9
  1056 | D:2      | Reached skill level 5 in Spellcasting
  1069 | D:2      | Noticed Terence
  1192 | D:1      | Learned a level 2 spell: Blink
  1470 | D:1      | Bought a coppery potion for 20 gold pieces
  1470 | D:1      | Bought a lumpy black potion for 20 gold pieces
  1937 | D:2      | Learned a level 3 spell: Lesser Beckoning
  1951 | D:2      | Killed Terence
  1952 | D:2      | Reached skill level 1 in Short Blades
  1952 | D:2      | Reached skill level 1 in Long Blades
  1952 | D:2      | Reached skill level 1 in Axes
  1952 | D:2      | Reached skill level 1 in Polearms
  1952 | D:2      | Reached skill level 1 in Staves
  1952 | D:2      | Reached skill level 1 in Slings
  1952 | D:2      | Reached skill level 1 in Bows
  1952 | D:2      | Reached skill level 1 in Crossbows
  1952 | D:2      | Reached skill level 1 in Stealth
  1952 | D:2      | Reached skill level 1 in Shields
  1952 | D:2      | Reached skill level 1 in Unarmed Combat
  1952 | D:2      | Reached skill level 1 in Invocations
  1952 | D:2      | Reached skill level 1 in Evocations
  2140 | D:2      | Reached XP level 4. HP: 31/38 MP: 11/11
  2444 | D:2      | Found a faded altar of an unknown god.
  2527 | D:2      | Became a worshipper of Fedhas Madash
  2527 | D:2      | Reached * piety under Fedhas
  2810 | D:3      | Reached skill level 1 in Conjurations
  2810 | D:3      | Reached skill level 1 in Hexes
  2810 | D:3      | Reached skill level 1 in Summonings
  2810 | D:3      | Reached skill level 1 in Necromancy
  2810 | D:3      | Reached skill level 1 in Transmutations
  2810 | D:3      | Reached skill level 1 in Fire Magic
  2810 | D:3      | Reached skill level 1 in Ice Magic
  2810 | D:3      | Reached skill level 1 in Air Magic
  2810 | D:3      | Reached skill level 1 in Earth Magic
  2810 | D:3      | Reached skill level 1 in Poison Magic
  2820 | D:3      | Killed from afar by an orc priest

Illustrated notes

Levels and vault maps discovered:
D:1:      onia_arrival_pyramid, layout_basic, serial_shops, shop
D:2:      layout_loops_ring, dreamdust_ecumenical_altar_angels_and_demons,
          uniq_terence
D:3:      layout_basic

Skill      XL: |  1  2  3  4 |
---------------+-------------+-----
Spellcasting   | 5 |  5.1
Short Blades   | 1 |  1.2
Long Blades    | 1 |  1.2
Axes           | 1 |  1.2
Polearms       | 1 |  1.2
Staves         | 1 |  1.2
Slings         | 1 |  1.2
Bows           | 1 |  1.2
Crossbows      | 1 |  1.2
Stealth        | 1 |  1.2
Shields        | 1 |  1.2
Unarmed Combat | 1 |  1.2
Invocations    | 1 |  1.3
Evocations     | 1 |  1.2
Conjurations   | 1 |  1.0
Hexes          | 1 |  1.0
Summonings     | 1 |  1.0
Necromancy     | 1 |  1.0
Transmutations | 1 |  1.0
Fire Magic     | 1 |  1.0
Ice Magic      | 1 |  1.0
Air Magic      | 1 |  1.0
Earth Magic    | 1 |  1.0
Poison Magic   | 1 |  1.0
Fighting       | |  4.6
Maces & Flails | |  4.6
Throwing       | |  2.8
Armour         | |  2.8
Dodging        | |  4.6
Translocations | |  5.5

Action                   |  1- 3 |  4- 6 || total
-------------------------+-------+-------++-------
Melee: Mace              |    10 |       ||    10
       Whip              |   120 |    73 ||   193
       Bite              |     9 |     1 ||    10
Throw: Boomerang         |     5 |       ||     5
 Cast: Blink             |     2 |     1 ||     3
  Use: Potion            |     2 |     1 ||     3
       Scroll            |     2 |       ||     2
 Stab: Sleeping          |     2 |       ||     2
Armor: Leather armour    |    32 |    20 ||    52
Dodge: Dodged            |    93 |    40 ||   133

Table legend: (Time is in decaauts)
 A = Elapsed time spent in this place.
 B = Non-inter-level travel time spent in this place.
 C = Inter-level travel time spent in this place.
 D = Time resting spent in this place.
 E = Time spent auto-exploring this place.
 F = Levels seen in this place.
 G = Mean time per level.
                   A        B        C        D        E       F      G
               +--------+--------+--------+--------+--------+-----+--------+
         Total |   2781 |   2627 |    154 |    503 |   1492 |   3 |  927.0 |
       Dungeon |   2781 |   2627 |    154 |    503 |   1492 |   3 |  927.0 |
               +--------+--------+--------+--------+--------+-----+--------+

Top non-repeatable levels by time:
     D:2: 1345 daAuts
     D:1: 1321 daAuts
     D:3: 114 daAuts
